[ AOE2 MATCH · #494290879 ]
UnrankedJapanese vs Mapuche
Player's team · WIN
Rival team · LOSS
[ REPLAY ANALYSIS · EXTRACTED FROM THE RECORDED GAME ]
Feudal
8:50
Castle
24:01
Imperial
—
| APM avg | 48.6 |
| APM peak | 97 |
| eAPM avg | 23.2 |
| Villagers / military | 94 / 40 |
Focus
⚔️ 34.1% · 🌾 65.9%
Knight ×28 · Militia ×7 · Monk ×5
Feudal
8:36
Castle
23:19
Imperial
—
| APM avg | 50.1 |
| APM peak | 96 |
| eAPM avg | 25.7 |
| Villagers / military | 78 / 44 |
Focus
⚔️ 36.3% · 🌾 63.7%
Kona ×30 · Skirmisher ×9 · Monk ×4 · Spearman ×1
Match map
Initial resources + every placement click. Lines = walls · curves = elevation contours. ◆ gold · ⬟ stone · ● berries · ✦ relic · ◌ wall gap
Your base· Open — opponent sealed themselves in
TAG_Wayne's base· ✓ Closed at 23:19 · 59t walls · no gate
Smoothed initial terrain · ◌ = detected wall gap · hover for details
Inputs per minute
— 酒后帝国 - - TAG_Wayne
Build order — 酒后帝国
First 150 of 244 actions detected
| 0:00 | Create | Villager (Male) |
| 0:00 | Create | Villager (Male) |
| 0:00 | Create | Villager (Male) |
| 0:02 | Build | House |
| 0:03 | Build | House |
| 0:08 | Create | Villager (Male) |
| 0:09 | Create | Villager (Male) |
| 1:23 | Create | Villager (Male) |
| 1:23 | Create | Villager (Male) |
| 1:57 | Create | Villager (Male) |
| 1:57 | Create | Villager (Male) |
| 2:27 | Create | Villager (Male) |
| 2:28 | Create | Villager (Male) |
| 2:32 | Build | Lumber Camp |
| 2:34 | Build | House |
| 3:15 | Create | Villager (Male) |
| 3:15 | Create | Villager (Male) |
| 4:08 | Create | Villager (Male) |
| 4:08 | Create | Villager (Male) |
| 4:08 | Create | Villager (Male) |
| 4:08 | Create | Villager (Male) |
| 4:39 | Create | Villager (Male) |
| 4:39 | Create | Villager (Male) |
| 5:17 | Build | Barracks |
| 5:38 | Create | Villager (Male) |
| 5:39 | Research | Loom |
| 5:47 | Build | House |
| 6:27 | Build | Mining Camp |
| 6:30 | Research | Feudal Age |
| 6:30 | Research | Feudal Age |
| 6:30 | Research | Feudal Age |
| 6:45 | Create | Militia |
| 6:45 | Create | Militia |
| 7:04 | Create | Militia |
| 7:04 | Create | Militia |
| 7:36 | Create | Militia |
| 7:36 | Create | Militia |
| 7:52 | Create | Militia |
| 8:45 | Build | Mill |
| 8:50 | Create | Villager (Male) |
| 8:50 | Age | Feudal Age |
| 8:53 | Build | House |
| 8:54 | Build | House |
| 8:58 | Research | Man-at-Arms (upgrade) |
| 8:58 | Research | Man-at-Arms (upgrade) |
| 9:04 | Create | Villager (Male) |
| 9:05 | Create | Villager (Male) |
| 9:05 | Create | Villager (Male) |
| 9:05 | Create | Villager (Male) |
| 9:09 | Build | Mining Camp |
| 9:12 | Build | Palisade Wall |
| 9:48 | Build | Watch Tower |
| 9:53 | Create | Villager (Male) |
| 9:53 | Create | Villager (Male) |
| 10:16 | Create | Villager (Male) |
| 10:16 | Create | Villager (Male) |
| 10:27 | Create | Villager (Male) |
| 11:00 | Create | Villager (Male) |
| 11:00 | Create | Villager (Male) |
| 11:00 | Create | Villager (Male) |
| 11:33 | Build | Blacksmith |
| 11:36 | Build | House |
| 11:37 | Build | House |
| 12:04 | Create | Villager (Male) |
| 12:04 | Create | Villager (Male) |
| 12:19 | Build | Farm |
| 12:20 | Build | Farm |
| 12:25 | Create | Villager (Male) |
| 12:25 | Create | Villager (Male) |
| 12:25 | Create | Villager (Male) |
| 12:47 | Research | Fletching |
| 12:47 | Research | Fletching |
| 13:17 | Create | Villager (Male) |
| 13:19 | Build | Farm |
| 13:20 | Build | Farm |
| 13:21 | Create | Villager (Male) |
| 13:52 | Create | Villager (Male) |
| 13:52 | Create | Villager (Male) |
| 13:54 | Build | Farm |
| 14:35 | Create | Villager (Male) |
| 14:35 | Create | Villager (Male) |
| 14:35 | Create | Villager (Male) |
| 14:35 | Create | Villager (Male) |
| 14:37 | Build | Farm |
| 14:38 | Build | Farm |
| 14:54 | Research | Double-Bit Axe |
| 14:54 | Research | Double-Bit Axe |
| 15:12 | Build | Watch Tower |
| 15:16 | Create | Villager (Male) |
| 15:16 | Create | Villager (Male) |
| 15:16 | Create | Villager (Male) |
| 15:22 | Build | House |
| 15:23 | Build | House |
| 15:33 | Create | Villager (Male) |
| 15:33 | Create | Villager (Male) |
| 15:37 | Build | House |
| 15:40 | Create | Villager (Male) |
| 15:40 | Create | Villager (Male) |
| 16:07 | Create | Villager (Male) |
| 16:07 | Create | Villager (Male) |
| 16:07 | Create | Villager (Male) |
| 16:07 | Create | Villager (Male) |
| 16:17 | Build | Stone Wall |
| 16:28 | Research | Horse Collar |
| 16:28 | Research | Horse Collar |
| 16:28 | Research | Horse Collar |
| 16:29 | Create | Villager (Male) |
| 16:29 | Create | Villager (Male) |
| 16:29 | Create | Villager (Male) |
| 17:11 | Build | Farm |
| 17:13 | Build | Farm |
| 17:33 | Build | Watch Tower |
| 17:55 | Create | Villager (Male) |
| 18:40 | Build | Watch Tower |
| 18:51 | Create | Villager (Male) |
| 18:51 | Create | Villager (Male) |
| 18:51 | Create | Villager (Male) |
| 18:51 | Create | Villager (Male) |
| 18:52 | Create | Villager (Male) |
| 18:52 | Create | Villager (Male) |
| 18:55 | Build | Farm |
| 18:56 | Build | Farm |
| 18:57 | Build | Farm |
| 18:57 | Build | Farm |
| 18:58 | Build | Farm |
| 19:00 | Build | Farm |
| 19:54 | Create | Villager (Male) |
| 19:55 | Create | Villager (Male) |
| 20:21 | Build | Watch Tower |
| 20:25 | Build | House |
| 20:44 | Build | Market |
| 21:17 | Research | Castle Age |
| 21:17 | Research | Castle Age |
| 21:18 | Research | Castle Age |
| 21:28 | Build | Watch Tower |
| 21:58 | Build | Stable |
| 21:58 | Build | Stable |
| 22:28 | Build | Farm |
| 22:32 | Research | Gold Mining |
| 22:33 | Research | Gold Mining |
| 22:51 | Research | Bloodlines |
| 22:52 | Research | Bloodlines |
| 22:52 | Research | Bloodlines |
| 23:05 | Build | Farm |
| 23:06 | Build | Farm |
| 23:15 | Research | Scale Barding Armor |
| 23:15 | Research | Scale Barding Armor |
| 23:39 | Build | Lumber Camp |
| 24:01 | Age | Castle Age |
| 24:05 | Build | Watch Tower |
Build order — TAG_Wayne
First 150 of 226 actions detected
| 0:01 | Create | Villager (Male) |
| 0:01 | Create | Villager (Male) |
| 0:01 | Create | Villager (Male) |
| 0:01 | Create | Villager (Male) |
| 0:03 | Build | House |
| 0:05 | Build | House |
| 1:41 | Create | Villager (Male) |
| 2:06 | Create | Villager (Male) |
| 2:31 | Create | Villager (Male) |
| 2:54 | Create | Villager (Male) |
| 2:58 | Create | Villager (Male) |
| 3:02 | Build | Settlement |
| 3:12 | Create | Villager (Male) |
| 3:39 | Create | Villager (Male) |
| 4:04 | Create | Villager (Male) |
| 4:37 | Create | Villager (Male) |
| 5:15 | Build | Settlement |
| 5:24 | Create | Villager (Male) |
| 5:47 | Build | Palisade Wall |
| 5:47 | Build | Palisade Wall |
| 5:48 | Build | Palisade Wall |
| 5:49 | Build | Palisade Wall |
| 5:49 | Build | Palisade Wall |
| 5:52 | Build | Palisade Wall |
| 6:01 | Research | Loom |
| 6:25 | Research | Feudal Age |
| 6:43 | Build | Palisade Wall |
| 6:44 | Build | Palisade Wall |
| 6:47 | Build | Palisade Wall |
| 6:55 | Build | Palisade Wall |
| 6:57 | Build | Palisade Wall |
| 6:57 | Build | Palisade Wall |
| 6:58 | Build | Palisade Wall |
| 6:59 | Build | Palisade Wall |
| 7:13 | Build | Palisade Wall |
| 7:20 | Build | Palisade Wall |
| 7:21 | Build | Palisade Wall |
| 7:23 | Build | Palisade Wall |
| 7:31 | Build | Palisade Wall |
| 7:32 | Build | Palisade Wall |
| 7:34 | Build | Palisade Wall |
| 7:39 | Create | Villager (Male) |
| 7:52 | Build | Palisade Wall |
| 7:52 | Build | Palisade Wall |
| 8:29 | Build | Barracks |
| 8:36 | Age | Feudal Age |
| 8:43 | Create | Villager (Male) |
| 8:43 | Create | Villager (Male) |
| 8:58 | Research | Double-Bit Axe |
| 9:17 | Create | Skirmisher |
| 9:18 | Create | Skirmisher |
| 9:31 | Create | Villager (Male) |
| 9:51 | Create | Skirmisher |
| 9:52 | Create | Skirmisher |
| 9:57 | Build | Watch Tower |
| 10:16 | Create | Villager (Male) |
| 10:19 | Build | House |
| 10:47 | Build | Stone Wall |
| 11:00 | Create | Villager (Male) |
| 11:02 | Build | House |
| 11:13 | Create | Villager (Male) |
| 11:27 | Build | House |
| 11:34 | Build | Palisade Wall |
| 11:47 | Build | House |
| 11:49 | Build | Palisade Wall |
| 12:04 | Create | Villager (Male) |
| 12:07 | Build | Blacksmith |
| 12:23 | Create | Villager (Male) |
| 12:30 | Build | Palisade Wall |
| 12:41 | Create | Villager (Male) |
| 13:10 | Research | Fletching |
| 13:15 | Create | Villager (Male) |
| 13:46 | Create | Villager (Male) |
| 14:11 | Create | Villager (Male) |
| 14:19 | Build | Farm |
| 14:20 | Build | Farm |
| 14:20 | Build | Farm |
| 14:29 | Create | Villager (Male) |
| 14:37 | Create | Villager (Male) |
| 14:47 | Build | Palisade Wall |
| 15:05 | Build | Farm |
| 15:07 | Build | Farm |
| 15:08 | Build | Farm |
| 15:12 | Build | Farm |
| 15:13 | Build | Farm |
| 15:16 | Build | Farm |
| 15:17 | Build | Farm |
| 15:28 | Build | Palisade Wall |
| 15:34 | Create | Villager (Male) |
| 15:43 | Build | Farm |
| 15:44 | Build | Farm |
| 15:55 | Create | Villager (Male) |
| 16:00 | Create | Spearman |
| 16:03 | Create | Skirmisher |
| 16:12 | Build | Settlement |
| 16:25 | Create | Villager (Male) |
| 16:33 | Create | Villager (Male) |
| 16:44 | Create | Villager (Male) |
| 17:10 | Create | Villager (Male) |
| 17:20 | Build | Settlement |
| 17:22 | Create | Villager (Male) |
| 17:41 | Create | Skirmisher |
| 17:43 | Create | Skirmisher |
| 17:44 | Create | Villager (Male) |
| 17:48 | Build | Farm |
| 17:52 | Create | Villager (Male) |
| 17:52 | Create | Villager (Male) |
| 18:09 | Create | Villager (Male) |
| 18:28 | Build | Market |
| 18:33 | Create | Villager (Male) |
| 18:37 | Create | Skirmisher |
| 18:39 | Create | Skirmisher |
| 18:44 | Create | Villager (Male) |
| 18:55 | Research | Padded Archer Armor |
| 18:57 | Create | Villager (Male) |
| 18:58 | Build | Farm |
| 19:10 | Create | Villager (Male) |
| 19:24 | Build | House |
| 20:03 | Create | Villager (Male) |
| 20:13 | Build | House |
| 20:22 | Build | Farm |
| 20:34 | Build | Farm |
| 20:39 | Research | Castle Age |
| 21:04 | Research | Stone Mining |
| 21:05 | Research | Stone Mining |
| 21:20 | Create | Villager (Male) |
| 21:30 | Build | Farm |
| 21:31 | Build | Farm |
| 21:49 | Build | Farm |
| 21:51 | Build | Farm |
| 21:53 | Build | Farm |
| 21:53 | Build | Farm |
| 22:26 | Build | Farm |
| 23:19 | Age | Castle Age |
| 23:22 | Build | Castle |
| 23:30 | Create | Villager (Male) |
| 23:31 | Create | Villager (Male) |
| 23:45 | Create | Villager (Male) |
| 24:05 | Create | Kona |
| 24:05 | Create | Kona |
| 24:31 | Create | Kona |
| 24:31 | Create | Kona |
| 24:31 | Create | Villager (Male) |
| 24:32 | Create | Villager (Male) |
| 24:57 | Create | Kona |
| 24:57 | Create | Kona |
| 24:58 | Create | Villager (Male) |
| 24:58 | Create | Villager (Male) |
| 25:20 | Create | Villager (Male) |
| 25:32 | Create | Villager (Male) |
Match timeline
| 5:17 | 酒后帝国 · first_building Barracks |
| 5:47 | TAG_Wayne · wall_segment Palisade Wall x1 |
| 5:47 | TAG_Wayne · wall_segment Palisade Wall x1 |
| 5:48 | TAG_Wayne · wall_segment Palisade Wall x1 |
| 5:49 | TAG_Wayne · wall_segment Palisade Wall x1 |
| 5:49 | TAG_Wayne · wall_segment Palisade Wall x1 |
| 5:52 | TAG_Wayne · wall_segment Palisade Wall x9 |
| 6:43 | TAG_Wayne · wall_segment Palisade Wall x4 |
| 6:44 | TAG_Wayne · wall_segment Palisade Wall x1 |
| 6:47 | TAG_Wayne · wall_segment Palisade Wall x4 |
| 6:55 | TAG_Wayne · wall_segment Palisade Wall x1 |
| 6:57 | TAG_Wayne · wall_segment Palisade Wall x1 |
| 6:57 | TAG_Wayne · wall_segment Palisade Wall x1 |
| 6:58 | TAG_Wayne · wall_segment Palisade Wall x1 |
| 6:59 | TAG_Wayne · wall_segment Palisade Wall x1 |
| 7:13 | TAG_Wayne · wall_segment Palisade Wall x6 |
| 7:20 | TAG_Wayne · wall_segment Palisade Wall x1 |
| 7:21 | TAG_Wayne · wall_segment Palisade Wall x1 |
| 7:23 | TAG_Wayne · wall_segment Palisade Wall x8 |
| 7:31 | TAG_Wayne · wall_segment Palisade Wall x1 |
| 7:32 | TAG_Wayne · wall_segment Palisade Wall x1 |
| 7:34 | TAG_Wayne · wall_segment Palisade Wall x7 |
| 7:52 | TAG_Wayne · wall_segment Palisade Wall x1 |
| 7:52 | TAG_Wayne · wall_segment Palisade Wall x1 |
| 8:29 | TAG_Wayne · first_building Barracks |
| 8:36 | TAG_Wayne · age_up feudal |
| 8:50 | 酒后帝国 · age_up feudal |
| 9:12 | 酒后帝国 · wall_segment Palisade Wall x1 |
| 10:47 | TAG_Wayne · wall_segment Stone Wall x1 |
| 11:34 | TAG_Wayne · wall_segment Palisade Wall x1 |
| 11:49 | TAG_Wayne · wall_segment Palisade Wall x1 |
| 12:30 | TAG_Wayne · wall_segment Palisade Wall x1 |
| 14:47 | TAG_Wayne · wall_segment Palisade Wall x1 |
| 15:28 | TAG_Wayne · wall_segment Palisade Wall x1 |
| 16:17 | 酒后帝国 · wall_segment Stone Wall x3 |
| 20:05 | TAG_Wayne · first_market_sell 100 wood |
| 21:58 | 酒后帝国 · first_building Stable |
| 23:19 | TAG_Wayne · age_up castle |
| 23:22 | TAG_Wayne · first_building Castle |
| 24:01 | 酒后帝国 · age_up castle |
| 28:31 | TAG_Wayne · first_market_buy 100 stone |
| 29:07 | TAG_Wayne · first_building Monastery |
| 30:38 | 酒后帝国 · first_building Monastery |
| 33:12 | 酒后帝国 · first_building Castle |
| 33:21 | TAG_Wayne · resign |
[ AI ANALYSIS · 1 CREDIT ]
What really happened in this match?
Wolo.gg analyzes every decision: build order, eco, micro, common mistakes by bracket. Personalized analysis on WhatsApp or Discord in 30 seconds.
Civ guide
Japanese
Perfil
新竹